 Dungeon Crawl Stone Soup version 0.24-a0-586-g8e0e932a4c (webtiles) character file.

Game seed: 8295646203802372276, levelgen mode: deterministic

862 Mithandil the Conjurer (level 8, -7/48 HPs)
             Began as a Tengu Conjurer on Sept 8, 2019.
             Was an Initiate of Vehumet.
             Mangled by Duvessa
             ... wielding a +0 short sword
              (10 damage)
             ... on level 5 of the Dungeon.
             The game lasted 00:32:20 (4855 turns).

Mithandil the Conjurer (Tengu Conjurer)             Turns: 4855, Time: 00:32:20

Health: -7/48      AC:  7    Str: 10      XL:     8   Next: 2%
Magic:  1/15       EV: 13    Int: 17      God:    Vehumet [......]
Gold:   268        SH:  0    Dex: 12 (14) Spells: 4/15 levels left

rFire    . . .     SeeInvis .   a - +1 spear (flame)
rCold    . . .     Gourm    .   (no shield)
rNeg     + . .     Faith    .   l - +2 ring mail
rPois    .         Spirit   .   (helmet restricted)
rElec    .         Reflect  .   (no cloak)
rCorr    .         Harm     .   (no gloves)
MR       ++...                  (boots unavailable)
Stlth    ++........             (no amulet)
HPRegen  0.16/turn              h - ring of positive energy
MPRegen  0.14/turn              (no ring)

@: flying quickly and evasively, quick
A: beak, horns 1, talons 3, magic resistance 2, sense surroundings 1, able to
fly
a: Stop Flying, Renounce Religion


You were on level 5 of the Dungeon.
You worshipped Vehumet.
Vehumet was noncommittal.
You were hungry.

You visited 1 branch of the dungeon, and saw 6 of its levels.

You collected 268 gold pieces.

Inventory:

Hand Weapons
 a - a +1 spear of flaming (weapon)
 b - a +0 halberd
 i - a +1 short sword of holy wrath
 m - a +2 dagger of venom
 q - a +0 rapier of electrocution
 r - a +2 mace of protection
Missiles
 d - 109 stones
 f - 6 bolts
 k - 50 sling bullets
 o - 3 javelins (quivered)
 p - 7 boomerangs
Armour
 l - a +2 ring mail (worn)
Jewellery
 h - a ring of positive energy (left hand)
Wands
 t - a wand of random effects (21)
Scrolls
 e - 3 scrolls of remove curse
 g - a scroll of magic mapping {unknown}
 j - a scroll of teleportation
 n - 5 scrolls of identify
Potions
 s - a potion of lignification {unknown}
Comestibles
 c - 8 rations


   Skills:
 * Level 3.9 Fighting
 + Level 2.2 Polearms
 + Level 3.7 Dodging
 + Level 3.7 Stealth
 * Level 4.1 Spellcasting
 * Level 7.6 Conjurations
 + Level 1.0 Translocations


You had 4 spell levels left.
You knew the following spells:

 Your Spells              Type           Power        Failure   Level  Hunger
a - Magic Dart            Conj           ####         1%          1    None
b - Searing Ray           Conj           ####..       2%          2    ##.....
c - Force Lance           Conj/Tloc      ###.....     56%         4    ####...
d - Iskenderun's Mystic   Conj           ####....     19%         4    ####...

Your spell library contained the following spells:

 Spells                   Type           Power        Failure   Level  Hunger
 Dazzling Spray           Conj/Hex       ###...       26%         3    ###....
 Confusing Touch          Hex            #.....       38%         1    None
 Gell's Gravitas          Tloc           #.........   63%         3    ###....
 Fulminant Prism          Conj/Hex       ###.......   63%         4    ####...
 Confuse                  Hex            #.......     77%         3    ###....
 Petrify                  Tmut/Erth      #.......     99%         4    ####...
 Metabolic Englaciation   Hex/Ice        #.........   100%        5    ######.
 Yara's Violent Unravell  Hex/Tmut       #.........   100%        5    ######.


Dungeon Overview and Level Annotations

Branches:
Dungeon (6/15)             Temple (0/1) D:5

Altars:
Elyvilon
Gozag
Kikubaaqudgha
Nemelex Xobeh
Okawaru
Ru
Vehumet

Shops:
D:3 *

Annotations:
D:5 Duvessa


Innate Abilities, Weirdness & Mutations

You have a beak for a mouth.
You have claws for feet.
You can fly continuously.
You have a pair of small horns on your head.
You are highly resistant to hostile enchantments. (MR++)
You passively map a small area around you.


Message History

Duvessa is severely wounded.
Duvessa barely misses you. Duvessa hits you with a +0 short sword!
You barely miss Duvessa. You claw Duvessa.
Duvessa is severely wounded.
Duvessa hits you with a +0 short sword.
You completely miss Duvessa. You claw Duvessa, but do no damage.
You headbutt Duvessa, but do no damage. You peck Duvessa.
Duvessa is severely wounded.
Duvessa hits you with a +0 short sword!
* * * LOW HITPOINT WARNING * * *
Duvessa hits you with a +0 short sword!
* * * LOW HITPOINT WARNING * * *
You barely miss Duvessa. Your kick misses Duvessa.
Duvessa is severely wounded.
Duvessa closely misses you.
You hit Duvessa but do no damage. Your kick misses Duvessa.
Your peck misses Duvessa.
Duvessa is severely wounded.
Duvessa hits you with a +0 short sword!
You die...

#** * #. , ,
#
##.####.###(#
* ,
#....@e......
,
#..#.##.###.#
#..#.##.#
#.......#
#.##.##.#
#.##.##.#
#.......# * *
####.####,,
#.# , *


You could see Duvessa (berserk).

Vanquished Creatures
  An ice beast (D:4)
  An ogre (D:4)
  Dowan (D:5)
  A crimson imp (D:5)
  A quasit (D:5)
  A hound (D:5)
  An orc priest (D:3)
  A bullfrog skeleton (D:5)
  A jelly (D:5)
  5 orc wizards
  Jessica (D:3)
  2 worker ants
  An iguana (D:4)
  A hound skeleton (D:4)
  3 gnolls (D:4)
  A howler monkey skeleton (D:4)
  5 adders
  An ooze (D:1)
  2 adder skeletons
  3 worms
  3 dart slugs
  2 leopard geckos
  10 orcs
  A ball python (D:4)
  3 bats
  5 giant cockroaches
  7 hobgoblins
  12 jackals
  2 quokkas (D:2)
  7 frilled lizards
  9 goblins
  A jackal skeleton (D:4)
  8 kobolds
  A leopard gecko zombie (D:5)
  A quokka skeleton (D:4)
  8 rats
114 creatures vanquished.

Notes
Turn   | Place    | Note
-------+----------+-------------------------------------------
     0 | D:1      | Mithandil the Tengu Conjurer began the quest for the Orb.
     0 | D:1      | Reached XP level 1. HP: 10/10 MP: 4/4
   172 | D:2      | Reached XP level 2. HP: 10/16 MP: 1/6
   654 | D:1      | Learned a level 2 spell: Searing Ray
   784 | D:1      | Reached skill level 1 in Fighting
   784 | D:1      | Reached XP level 3. HP: 20/20 MP: 7/7
  1176 | D:2      | Found a white marble altar of Elyvilon.
  1266 | D:2      | Found a sacrificial altar of Ru.
  1467 | D:2      | Reached XP level 4. HP: 20/25 MP: 1/8
  1557 | D:2      | HP: 1/26 [jackal (2)]
  1558 | D:2      | Reached skill level 6 in Conjurations
  1899 | D:1      | Gained mutation: You are resistant to hostile enchantments.
                  | (MR+) [potion of mutation]
  1899 | D:1      | Gained mutation: You are occasionally teleported next to
                  | monsters. [potion of mutation]
  1899 | D:1      | Gained mutation: You evolve. [potion of mutation]
  1900 | D:1      | Lost mutation: You evolve. [potion of mutation]
  1900 | D:1      | Lost mutation: You are occasionally teleported next to
                  | monsters. [potion of mutation]
  1900 | D:1      | Gained mutation: You have a pair of small horns on your
                  | head. [potion of mutation]
  1900 | D:1      | Gained mutation: You passively map a small area around you.
                  | [potion of mutation]
  1900 | D:1      | Gained mutation: You are highly resistant to hostile
                  | enchantments. (MR++) [potion of mutation]
  2280 | D:3      | Gained mutation: You can fly continuously. [Tengu growth]
  2280 | D:3      | Reached XP level 5. HP: 24/30 MP: 0/10
  2703 | D:3      | Found an iron altar of Okawaru.
  2804 | D:4      | Noticed an ice beast
  2820 | D:3      | Found an opulent altar of Gozag.
  2820 | D:3      | Found Gozag's Platinum Reserve.
  2821 | D:3      | Noticed Jessica
  2827 | D:3      | Killed Jessica
  2918 | D:4      | Found a radiant altar of Vehumet.
  2986 | D:3      | Learned a level 4 spell: Force Lance
  3121 | D:3      | Reached XP level 6. HP: 36/36 MP: 11/11
  3164 | D:3      | Found an ancient bone altar of Kikubaaqudgha.
  3167 | D:3      | Reached skill level 1 in Polearms
  3328 | D:5      | Entered Level 5 of the Dungeon
  3582 | D:6      | Noticed an orc warrior
  3917 | D:4      | Killed an ice beast
  3917 | D:4      | Reached skill level 7 in Conjurations
  3917 | D:4      | Reached XP level 7. HP: 31/41 MP: 7/13
  4141 | D:4      | Learned a level 4 spell: Iskenderun's Mystic Blast
  4512 | D:4      | Found a sparkling altar of Nemelex Xobeh.
  4518 | D:4      | Became a worshipper of Vehumet
  4644 | D:5      | Found a staircase to the Ecumenical Temple.
  4837 | D:5      | Noticed Duvessa
  4837 | D:5      | Noticed Dowan
  4844 | D:5      | Killed Dowan
  4844 | D:5      | Reached skill level 1 in Translocations
  4844 | D:5      | Reached XP level 8. HP: 35/48 MP: 4/15
  4855 | D:5      | Mangled by Duvessa

Levels and vault maps discovered:
D:1:      evilmike_arrival_rings, layout_basic
D:2:      layout_rooms, elyvilon_altar_5, nicolae_ru_sacrificial_ziggurat,
          first_ration
D:3:      layout_loops_ring, nicolae_gozag_zags_fifth_avenue,
          nicolae_overflow_crystal_walls, okawaru_gym_becter, uniq_jessica
D:4:      layout_loops_ring, minitemple, kennysheep_generic_room_11
D:5:      layout_loops_cross, marbit_many_paths,
          minmay_temple_entry_glassed_door, uniq_sigmund, uniq_duvessa
D:6:      layout_loops_cross, kennysheep_mini, ebering_ghost_sewer_f,
          serial_shops, nicolae_shop_stone, nicolae_shop_window_shopping,
          nicolae_shop_statue_plus, shop, shop, uniq_grinder

Skill      XL: |  1  2  3  4  5  6  7 |
---------------+----------------------+-----
Fighting       | 1 2 3 |  3.9
Conjurations   | 6 7 |  7.6
Spellcasting   | 3 4 |  4.1
Stealth        | 3 |  3.7
Polearms       | 1 2 |  2.2
Dodging        | 3 |  3.7
Translocations | 1 |  1.0

Action                   |  1- 3 |  4- 6 |  7- 9 || total
-------------------------+-------+-------+-------++-------
Melee: Short sword       |    20 |       |       ||    20
       Peck              |     4 |    10 |     2 ||    16
       Kick              |     4 |    16 |     7 ||    27
       Spear             |    12 |    47 |    20 ||    79
       Headbutt          |       |     5 |     2 ||     7
       Trident           |       |    31 |       ||    31
       Halberd           |       |    12 |     2 ||    14
 Cast: Magic Dart        |    61 |    77 |    55 ||   193
       Searing Ray       |     1 |     9 |     7 ||    17
 Abil: Fly               |       |     1 |       ||     1
  Use: Scroll            |     4 |     6 |     3 ||    13
       Potion            |     3 |     6 |       ||     9
 Stab: Sleeping          |     1 |     2 |       ||     3
  Eat: Chunk             |     3 |     8 |     3 ||    14
Armor: Robe              |     1 |       |       ||     1
       Ring mail         |     1 |    70 |    20 ||    91
Dodge: Dodged            |    26 |    75 |    53 ||   154

Table legend:
 A = Non-vault XP
 B = Vault XP
 C = Vault XP percentage of total XP
 D = Non-vault monster count
 E = Vault monster count
 F = Vault count percentage of total count
                 A         B        C        D         E       F
            +---------+---------+-------+---------+---------+-------
      Total |     993 |     239 |  19.4 |     110 |       4 |   3.5
            +---------+---------+-------+---------+---------+-------
        D:1 |      47 |       0 |   0.0 |      23 |       0 |   0.0
        D:2 |      77 |       0 |   0.0 |      29 |       0 |   0.0
        D:3 |     133 |      37 |  21.8 |      18 |       1 |   5.3
        D:4 |     486 |     130 |  21.1 |      32 |       2 |   5.9
        D:5 |     250 |      72 |  22.4 |       8 |       1 |  11.1
            +---------+---------+-------+---------+---------+-------
